 Dungeon Crawl Stone Soup version 0.28.0 (webtiles) character file.

Game seed: 17933866775121446232

659 BeingJoeMalik the Carver (level 7, 0/52 HPs)
             Began as a Human Cinder Acolyte on Feb 12, 2022.
             Was a High Priest of Ignis.
             Succumbed to a scorpion's poison
             ... on level 5 of the Dungeon.
             The game lasted 00:13:09 (7623 turns).

BeingJoeMalik the Carver (Human Cinder Acolyte)     Turns: 7623, Time: 00:13:09

Health: 0/52       AC:  4    Str: 14    XL:     7   Next: 86%
Magic:  8/8        EV: 11    Int: 14    God:    Ignis [*****.]
Gold:   150        SH:  0    Dex: 11    Spells: 8/8 levels left

rFire   + . .      SeeInvis .   a - +0 falchion (flame)
rCold   . . .      Faith    .   (no shield)
rNeg    . . .      Spirit   .   b - +0 robe
rPois   .          Reflect  .   (no helmet)
rElec   .          Harm     .   i - +0 cloak
rCorr   .          Rampage  .   f - +0 pair of gloves
Will    .....                   (no boots)
Stlth   +.........              (no amulet)
HPRegen 0.17/turn               (no ring)
MPRegen 0.11/turn               (no ring)

@: mighty, lethally poisoned (0 -> -3)
A: no striking features
a: Renounce Religion, Fiery Armour, Foxfire Swarm, Rising Flame


You were on level 5 of the Dungeon.
You worshipped Ignis.
Ignis was extremely pleased with you.
You visited 2 branches of the dungeon, and saw 6 of its levels.

You collected 150 gold pieces.

Inventory:

Hand Weapons
 a - a +0 falchion of flaming (weapon)
 c - a +2 short sword of holy wrath
Missiles
 d - 4 javelins (quivered)
Armour
 b - a +0 robe (worn)
 f - a +0 pair of gloves (worn)
 i - a +0 cloak (worn)
Jewellery
 j - a ring of fire
Scrolls
 e - 3 scrolls of teleportation
 h - a scroll of enchant weapon
 k - 2 scrolls of identify
Potions
 g - a potion of might


   Skills:
 + Level 3.4 Fighting
 + Level 8.4 Long Blades
 - Level 1.0 Spellcasting
 - Level 3.0 Fire Magic


You had 8 spell levels left.
You didn't know any spells.
Your spell library contained the following spells:

 Spells                   Type           Power      Damage    Failure   Level
 Scorch                   Fire           18%        2d5       12%         2
 Ensorcelled Hibernation  Hex/Ice        0%         N/A       36%         2
 Passwall                 Tmut/Erth      0%         N/A       36%         2
 Sublimation of Blood     Necr           0%         N/A       36%         2
 Wereblood                Tmut           0%         N/A       36%         2
 Swiftness                Air            0%         N/A       61%         3
 Summon Hydra             Summ           0%         N/A       100%        7


Dungeon Overview and Level Annotations

Branches:
Dungeon (5/15)             Temple (1/1) D:4

Altars:
Gozag
Hepliaklqana
Kikubaaqudgha
Okawaru
Ru
Sif Muna
Vehumet
Xom
Yredelemnul
Zin
The Shining One

Annotations:
D:3 2 transporters, Acetwo5's ghost, amateur MiFi


Message History

You hit the scorpion but do no damage.
The scorpion is almost dead.
You feel very sick. The scorpion stings you.
* * * LOW HITPOINT WARNING * * *
Unknown command.
You barely miss the scorpion.
The scorpion is almost dead.
* * * LOW HITPOINT WARNING * * *
You feel very sick. The scorpion misses you.
Unknown command.
You closely miss the scorpion.
The scorpion is almost dead.
* * * LOW HITPOINT WARNING * * *
You feel very sick.
An iguana comes into view.
The scorpion barely misses you.
The howler monkey hoots and howls with incredible vigour!
You slash the scorpion! You burn the scorpion.
You kill the scorpion!
* * * LOW HITPOINT WARNING * * *
You feel sick.
Unknown command.
You slash the howler monkey! You burn the howler monkey.
You kill the howler monkey!
* * * LOW HITPOINT WARNING * * *
You feel sick.
Unknown command.
* * * LOW HITPOINT WARNING * * *
You feel sick.
A centaur comes into view.
Okay, then.
Unknown command.
* * * LOW HITPOINT WARNING * * *
You feel sick.
Unknown command.
* * * LOW HITPOINT WARNING * * *
You feel sick.
You die...

##.......###
##.........#.
##...#......##
#....##.......
##............
####...[....... ##
#..#.......#...
##..####...#......##..
##...#@.............#..
#......................
#.>...#.................
#..#####†##.............
#. #.l....<..........
#.................
...###..#......... ....#
..#......... ...... ..#
#......


You could see an iguana.

Vanquished Creatures
  An ogre (D:3)
  A bullfrog (D:5)
  A scorpion (D:5)
  A howler monkey (D:5)
  A bullfrog zombie (D:3)
  A jelly (D:4)
  A hound (D:5)
  2 orc priests (D:3)
  4 orc wizards
  4 adders
  A white imp (D:5)
  A worm (D:5)
  4 dart slugs
  16 orcs
  7 ball pythons
  4 bats
  3 bat zombies (D:4)
  6 endoplasms
  A giant cockroach (D:1)
  12 goblins
  9 hobgoblins
  5 jackals (D:1)
  4 kobolds
  A quokka (D:5)
  A frilled lizard (D:2)
  A quokka skeleton (D:4)
  6 rats
  A rat zombie (D:4)
100 creatures vanquished.

Notes
Turn   | Place    | Note
-------+----------+-------------------------------------------
     0 | D:1      | BeingJoeMalik the Human Cinder Acolyte began the quest for
                  | the Orb.
     0 | D:1      | Reached XP level 1. HP: 18/18 MP: 2/2
   251 | D:1      | Reached XP level 2. HP: 4/24 MP: 3/3
  1431 | D:1      | Reached skill level 4 in Long Blades
  1431 | D:1      | Reached XP level 3. HP: 29/29 MP: 4/4
  1578 | D:2      | Found a faded altar of an unknown god.
  2126 | D:1      | HP: 1/29 [jackal (3)]
  2882 | D:3      | Noticed an ogre
  2892 | D:2      | Reached XP level 4. HP: 19/35 MP: 5/5
  3465 | D:3      | Killed an ogre
  3466 | D:3      | Reached skill level 5 in Long Blades
  3466 | D:3      | Reached XP level 5. HP: 18/41 MP: 6/6
  3762 | D:3      | Reached skill level 6 in Long Blades
  3762 | D:3      | Reached XP level 6. HP: 38/47 MP: 7/7
  3848 | D:3      | Found a transporter.
  3854 | D:3      | Noticed Acetwo5's ghost (amateur MiFi)
  3891 | D:3      | Found a transporter.
  5163 | D:4      | Reached skill level 7 in Long Blades
  5643 | D:4      | Found an ancient bone altar of Kikubaaqudgha.
  5712 | D:4      | Found a staircase to the Ecumenical Temple.
  5760 | D:4      | Reached XP level 7. HP: 18/52 MP: 8/8
  7154 | Temple   | Entered the Ecumenical Temple
  7244 | D:5      | Entered Level 5 of the Dungeon
  7397 | D:5      | Reached skill level 8 in Long Blades
  7621 | D:5      | HP: 2/52 [poisoned by a scorpion]
  7623 | D:5      | Succumbed to a scorpion's poison

Illustrated notes

Levels and vault maps discovered:
D:1:      dpeg_arrival_pond, layout_basic
D:2:      layout_rooms, chequers_ecumenical_altar_simple
D:3:      cheibrodos_greedy_goblins, layout_basic, gammafunk_ghost_arena
D:4:      layout_cave_pools, lemuel_zombie_altar_kikubaaqudgha,
          minmay_temple_entry_butterflies, serial_column_ruins,
          column_ruins_columns_straight, column_ruins_open_medium,
          column_ruins_grid_2, column_ruins_columns_dead_end,
          column_ruins_open_medium
D:5:      lemuel_ratsnest, layout_cave_pools, nicolae_shop_gadgets
Temple:   eino_temple_lava

Skill      XL: |  1  2  3  4  5  6  7 |
---------------+----------------------+-----
Long Blades    | 4 5 6 7 8 |  8.4
Fighting       | |  3.4
Spellcasting   | |  1.0
Fire Magic     | |  3.0

Action                   |  1- 3 |  4- 6 |  7- 9 || total
-------------------------+-------+-------+-------++-------
Melee: Falchion          |   132 |   222 |   127 ||   481
       Punch             |     1 |     2 |     1 ||     4
Invok: Fiery Armour      |       |     1 |       ||     1
  Use: Potion            |     3 |     3 |     3 ||     9
       Scroll            |       |     5 |     3 ||     8
Armor: Robe              |    32 |    62 |    28 ||   122
Dodge: Dodged            |   115 |   132 |    61 ||   308
